 Dungeon Crawl Stone Soup version 0.22-a0-537-ge9e9f76342 (webtiles) character file.

5441 M4edhros the Covert (level 10, -4/66 HPs)
             Began as an Octopode Artificer on June 23, 2018.
             Was a High Priest of Makhleb.
             Slain by a yak (16 damage)
             ... on level 9 of the Dungeon.
             The game lasted 00:13:12 (9049 turns).

M4edhros the Covert (Octopode Artificer)            Turns: 9049, Time: 00:13:13

Health: -4/66      AC:  2    Str: 12    XL:     10   Next: 68%
Magic:  15/15      EV: 14    Int: 17    God:    Makhleb [*****.]
Gold:   342        SH: 13    Dex: 15    Spells: 9/9 levels left

rFire    . . .     SeeInvis .   m - +6 trident
rCold    . . .     Gourm    .   n - +4 shield
rNeg     . . .     Faith    .   (helmet restricted)
rPois    +         Spirit   .   v - amulet of magic regeneration
rElec    .         Reflect  .   L - ring of Kacw {+Blink rPois AC+1 Int+3 Stlth+}
rCorr    .         Harm     .   (no ring)
MR       .....                  (no ring)
Stlth    ++++++....             (no ring)
HPRegen  0.21/turn              (no ring)
MPRegen  0.39/turn              (no ring)
                                (no ring)
                                (no ring)

@: no status effects
A: almost no armour, stealthy swim, amphibious, 8 rings, constrict 8, camouflage
1, gelatinous body 1
a: Minor Destruction, Lesser Servant of Makhleb, Major Destruction, Greater
Servant of Makhleb, Renounce Religion, Evoke Blink


You were on level 9 of the Dungeon.
You worshipped Makhleb.
Makhleb was extremely pleased with you.
You were hungry.

You visited 1 branch of the dungeon, and saw 9 of its levels.
You also visited: Sewer.

You collected 342 gold pieces.

Inventory:

Hand Weapons
 a - a +0 short sword
 h - a +0 hunting sling
 m - a +6 trident (weapon)
 y - a +0 blowgun
 B - a +2 dagger of speed
 D - a +0 dagger of venom
Missiles
 i - 316 stones (quivered)
 t - 92 sling bullets
 C - 21 poisoned needles
Armour
 n - a +4 shield (worn)
Jewellery
 v - an amulet of magic regeneration (around mantle)
 L - the ring of Kacw (left tentacle) {+Blink rPois AC+1 Int+3 Stlth+}
   (You found it on level 8 of the Dungeon)

   [ring of protection]

   It affects your AC (+1).
   It affects your intelligence (+3).
   It protects you from poison.
   It lets you blink.
   It makes you more stealthy.
Wands
 b - a wand of flame (4)
 c - a wand of enslavement (8)
 d - a wand of random effects (25)
 I - a wand of digging (18)
 K - a wand of iceblast (10)
 M - a wand of polymorph (9)
Scrolls
 k - 8 scrolls of remove curse
 l - 4 scrolls of magic mapping
 p - 3 scrolls of fear
 s - 2 scrolls of noise
 u - a scroll of blinking
 w - 2 scrolls of fog
 x - a scroll of immolation
 E - 4 scrolls of teleportation
Potions
 e - 4 potions of brilliance
 g - a potion of flight
 j - 2 potions of heal wounds
 q - 8 potions of curing
 z - 3 potions of magic
 A - a potion of might
 G - a potion of agility
 H - a potion of resistance {unknown}
Comestibles
 f - 11 rations


   Skills:
 + Level 5.1 Fighting
 - Level 5.7 Short Blades
 * Level 3.6 Polearms
 + Level 5.7 Dodging
 + Level 8.4 Stealth
 + Level 5.0 Shields
 * Level 7.6 Invocations
 - Level 6.6 Evocations


You had 9 spell levels left.
You didn't know any spells.
Your spell library contained the following spells:

 Spells                   Type           Power        Failure   Level  Hunger
 Magic Dart               Conj           #...         65%         1    ##.....
 Stone Arrow              Conj/Erth      #.....       95%         3    ####...
 Passwall                 Tmut/Erth      #.......     78%         2    ###....
 Lee's Rapid Deconstruct  Erth           #.........   100%        5    ######.
 Sandblast                Erth           #.....       65%         1    ##.....
 Petrify                  Tmut/Erth      #.......     100%        4    #####..


Dungeon Overview and Level Annotations

Branches:
Dungeon (9/15)             Temple (0/1) D:4            Lair (0/6) D:8
    Orc: D:9-12

Altars:
Elyvilon
Makhleb
Nemelex Xobeh
Sif Muna
Trog


Innate Abilities, Weirdness & Mutations

You cannot wear most types of armour.
You are very stealthy in the water. (Stealth+)
You are amphibious.
You can wear up to eight rings at the same time.
You can use your tentacles to constrict eight enemies at once.
Your skin changes colour to match your surroundings (Stealth+).
Your rubbery body absorbs attacks. (AC +1, EV +1)


Message History

Your shield prevents you from hitting the yak.
The yak is almost dead.
You block the yak's attack.
You puncture the yak!
You kill the yak!
Makhleb accepts your kill.
You feel better.
Okay, then.
You barely miss the yak. The yak gores you!
You barely miss the yak. You squeeze the yak.
The yak is lightly wounded.
The yak gores you!
* * * LOW HITPOINT WARNING * * *
The yak closely misses you.
Press: ? - help, Shift-Dir - straight line, f/p - yak
Aim: a yak (lightly wounded)
The sticky flame hits the yak.
The yak appears unharmed.
The yak is lightly wounded.
The yak is covered in liquid flames!
The yak burns!
The yak gores you!
You die...

#......#. ##### #.
..... #.... .. #...####
#.### #. ......
####.### #. ##).#
##.##.##. #.##)..#
##.#†#.##. #...YY.#
#.###....) #####Y##
#..#<..... ##@##
#.#.##..## #...#
#.#.......
#...######.#..#..#.
#........#.........
####...####.####.###..
#............####.###..
...............†.......
#............#.#####..#
###.#...#.##.#.#####...


You could see 3 yaks.

Vanquished Creatures
  A two-headed ogre (D:9)
  A komodo dragon (D:9)
  3 yaks (D:9)
  Menkaure (D:7)
  2 vampire mosquitoes (D:9)
  2 water moccasins
  An orc warrior (D:8)
  2 ice beasts
  4 sky beasts
  Purgy (Sewer)
  A necrophage (D:8)
  2 ogres
  A phantom (D:9)
  A centaur (D:5)
  4 bullfrogs
  A gnoll sergeant (D:7)
  5 scorpions
  4 killer bees (D:9)
  2 howler monkeys
  5 crimson imps
  Crazy Yiuf (D:5)
  2 bullfrog skeletons
  11 orc wizards
  3 orc priests
  10 hounds
  2 jellies
  Ijyb (D:5)
  Terence (D:3)
  5 worker ants
  A hound skeleton (D:4)
  3 worker ant zombies
  9 gnolls
  14 adders
  3 oozes
  3 adder skeletons
  6 worms
  4 dart slugs
  7 leopard geckos
  17 orcs
  8 giant cockroaches
  10 goblins
  14 hobgoblins
  5 jackals
  5 quokkas
  2 ball pythons
  6 bats
  14 frilled lizards
  14 kobolds
  3 leopard gecko skeletons
  A leopard gecko zombie (D:6)
  A quokka zombie (D:5)
  9 rats
239 creatures vanquished.

Vanquished Creatures (collateral kills)
  An ogre (D:9)
  An iguana (D:6)
  3 gnolls (D:7)
5 creatures vanquished.

Vanquished Creatures (others)
  A plant (D:8)
1 creature vanquished.

Grand Total: 245 creatures vanquished

Notes
Turn   | Place    | Note
-------+----------+-------------------------------------------
     0 | D:1      | M4edhros the Octopode Artificer began the quest for the Orb.
     0 | D:1      | Reached XP level 1. HP: 13/13 MP: 3/3
     7 | D:1      | Noticed a worker ant
     7 | D:1      | Noticed a wyvern
     7 | D:1      | Noticed a swamp worm
     7 | D:1      | Noticed a black bear
     7 | D:1      | Noticed a komodo dragon
    36 | D:1      | Reached skill level 2 in Stealth
    44 | D:1      | Reached XP level 2. HP: 18/18 MP: 4/4
   471 | D:2      | Reached skill level 3 in Stealth
   484 | D:2      | Reached XP level 3. HP: 9/23 MP: 5/5
  1016 | D:2      | Reached XP level 4. HP: 17/28 MP: 7/7
  1222 | D:3      | Found a faded altar of an unknown god.
  1233 | D:3      | Became a worshipper of Makhleb the Destroyer
  1233 | D:3      | Reached * piety under Makhleb
  1465 | D:1      | Reached skill level 4 in Stealth
  1686 | D:1      | Reached ** piety under Makhleb
  2408 | D:3      | Reached XP level 5. HP: 33/33 MP: 8/8
  2414 | D:3      | Noticed Terence
  2428 | D:3      | Killed Terence
  2428 | D:3      | Reached skill level 1 in Shields
  3174 | D:3      | Found a deep blue altar of Sif Muna.
  3187 | D:3      | Reached XP level 6. HP: 39/39 MP: 9/9
  3191 | D:3      | Identified Sif Muna's Handbook of Battle Magic
  3407 | D:4      | Reached skill level 1 in Invocations
  3527 | D:4      | Found a staircase to the Ecumenical Temple.
  3561 | D:4      | Found a sparkling altar of Nemelex Xobeh.
  3688 | D:4      | Reached *** piety under Makhleb
  3720 | D:4      | Reached skill level 5 in Evocations
  3906 | D:4      | Reached skill level 5 in Stealth
  3906 | D:4      | Reached XP level 7. HP: 19/45 MP: 10/10
  4086 | D:4      | Found a white marble altar of Elyvilon.
  4183 | D:5      | Entered Level 5 of the Dungeon
  4183 | D:5      | Noticed Ijyb
  4195 | D:5      | Killed Ijyb
  4266 | D:5      | Found a bloodstained altar of Trog.
  4332 | D:5      | Found a runed door.
  4427 | D:5      | Found a glowing drain.
  4444 | Sewer    | Entered a sewer
  4474 | Sewer    | Noticed Purgy
  4488 | Sewer    | Killed Purgy
  4998 | D:5      | Reached XP level 8. HP: 41/52 MP: 12/12
  5403 | D:5      | Noticed Crazy Yiuf
  5407 | D:5      | Killed Crazy Yiuf
  5562 | D:6      | Reached skill level 6 in Stealth
  5711 | D:6      | Reached **** piety under Makhleb
  6372 | D:7      | Reached XP level 9. HP: 54/57 MP: 13/13
  6384 | D:7      | Noticed Menkaure
  6391 | D:7      | Killed Menkaure
  6391 | D:7      | Reached skill level 5 in Invocations
  7141 | D:8      | Reached skill level 5 in Short Blades
  7217 | D:8      | Found a deep blue altar of Sif Muna.
  7269 | D:8      | Reached ***** piety under Makhleb
  7269 | D:8      | Reached skill level 7 in Stealth
  7466 | D:8      | Found a staircase to the Lair.
  7467 | D:8      | Noticed a komodo dragon
  7580 | D:8      | HP: 2/58 [orc warrior/hand axe (18)]
  7714 | D:8      | Got a faintly glowing glass ring
  8033 | D:8      | Noticed a two-headed ogre
  8187 | D:8      | Reached skill level 5 in Dodging
  8317 | D:8      | Got a faintly glowing dagger
  8318 | D:8      | Identified the cursed +0 dagger of Checks and Balances {drain, +Blink MP+9} (You found it on level 8 of the Dungeon)
  8320 | D:8      | Identified the ring of Kacw {+Blink rPois AC+1 Int+3 Stlth+} (You found it on level 8 of the Dungeon)
  8480 | D:9      | Killed a komodo dragon
  8480 | D:9      | Reached skill level 1 in Polearms
  8480 | D:9      | Reached XP level 10. HP: 20/65 MP: 14/14
  8894 | D:9      | Noticed a two-headed ogre
  8907 | D:9      | Killed a two-headed ogre
  8907 | D:9      | Reached skill level 8 in Stealth
  8949 | D:9      | Reached skill level 5 in Fighting
  9044 | D:9      | Reached skill level 5 in Shields
  9049 | D:9      | Slain by a yak

Vault maps used:
D:1:      onia_arrival_zoo_common, minivault_5, minmay_misc_feat_more_columns,
          st_stairs_11
D:3:      chequers_ecumenical_altar_simple_redux, first_ration, led_sif_book,
          uniq_terence
D:4:      nemelex_xobeh_ov_fountains_minmay, minmay_temple_entry_glass,
          elyvilon_altar_4
D:5:      cheibrodos_sewer_entry_drain, trog_three_pillars_becter, uniq_ijyb,
          uniq_crazy_yiuf_cottage
D:7:      uniq_menkaure
D:8:      david_lair_shrubbed, basic_altar
D:9:      minmay_cornered_nines, orc_0_dummy
Sewer:    sewer_co_purgy_island

Skill      XL: |  1  2  3  4  5  6  7  8  9 10 |
---------------+-------------------------------+-----
Stealth        | 2 3 4 5 6 7 8 |  8.4
Evocations     | 4 5 6 |  6.6
Shields        | 1 2 3 4 5 |  5.0
Fighting       | 2 3 4 5 |  5.1
Invocations    | 2 3 4 6 7 |  7.6
Short Blades   | 2 3 4 5 |  5.7
Dodging        | 3 4 5 |  5.7
Polearms       | 1 3 |  3.6

Action                   |  1- 3 |  4- 6 |  7- 9 | 10-12 || total
-------------------------+-------+-------+-------+-------++-------
Melee: Short sword       |    66 |   121 |       |       ||   187
       Constrict         |    22 |    41 |    71 |    18 ||   152
       Tentacles         |    11 |    26 |    90 |    16 ||   143
       Dagger            |       |    55 |   418 |       ||   473
       Trident           |       |       |     7 |   110 ||   117
Invok: Major Destruction |       |       |     2 |     3 ||     5
Evoke: Wand              |     2 |       |    26 |     2 ||    30
  Use: Potion            |       |       |    12 |       ||    12
       Scroll            |       |       |    18 |       ||    18
 Stab: Sleeping          |     6 |    19 |    16 |     1 ||    42
       Distracted        |       |       |     1 |       ||     1
  Eat: Chunk             |       |     9 |    12 |     1 ||    22
       Ration            |       |       |     1 |       ||     1
Armor: Skin              |     5 |     6 |     6 |     3 ||    20
Dodge: Dodged            |    47 |    46 |    86 |    44 ||   223
Block: Shield            |     3 |    53 |   130 |    54 ||   240

Table legend:
 A = Spawn XP
 B = Non-spawn XP
 C = Spawn XP percentage of total XP
 D = Spawn monster count
 E = Non-spawn monster count
 F = Spawn count percentage of total count
 G = Total turns spent on level
                    A         B        C        D         E        F      G
               +---------+---------+-------+---------+---------+-------+---------
         Total |       0 |    7774 |   0.0 |       0 |     244 |   0.0 |  9049
               +---------+---------+-------+---------+---------+-------+---------
           D:1 |       0 |      63 |   0.0 |       0 |      35 |   0.0 |   738
           D:2 |       0 |      94 |   0.0 |       0 |      29 |   0.0 |  1632
           D:3 |       0 |     240 |   0.0 |       0 |      25 |   0.0 |  1021
           D:4 |       0 |     262 |   0.0 |       0 |      16 |   0.0 |   792
           D:5 |       0 |     829 |   0.0 |       0 |      29 |   0.0 |  1036
           D:6 |       0 |     457 |   0.0 |       0 |      22 |   0.0 |   815
           D:7 |       0 |     957 |   0.0 |       0 |      24 |   0.0 |   937
           D:8 |       0 |    1414 |   0.0 |       0 |      24 |   0.0 |  1204
           D:9 |       0 |    3328 |   0.0 |       0 |      33 |   0.0 |   652
         Sewer |       0 |     130 |   0.0 |       0 |       7 |   0.0 |   222
               +---------+---------+-------+---------+---------+-------+---------
